 Dungeon Crawl Stone Soup version 0.14-a0-1474-g1105da3 (webtiles) character file.

94 PolkaDot the Vexing (level 3, -5/24 HPs)
             Began as a Vampire Enchanter on Dec 14, 2013.
             Slain by Sigmund
             ... wielding a +8,+3 scythe of dragon slaying
              (7 damage)
             ... on Level 2 of the Dungeon.
             The game lasted 00:04:49 (699 turns).

PolkaDot the Vexing (Vampire Enchanter)              Turns: 699, Time: 00:04:49

HP  -5/24        AC  3     Str  7      XL: 3   Next: 10%
MP   3/6         EV 12     Int 17      God:
Gold 62          SH  0     Dex 15      Spells:  2 memorised,  2 levels left

rFire  . . .     SeeInvis +     a - +1 dagger
rCold  + . .     Clarity  .     b - +1 robe
rNeg   . . .     Conserve .     (no shield)
rPois  .         rCorr    .     (no helmet)
rElec  .         rRot     .     (no cloak)
SustAb . .       Spirit   .     (no gloves)
rMut   .         Warding  .     (no boots)
Saprov . . .     Stasis   .     (no amulet)
                                (no ring)
                                (no ring)

@: regenerating quickly, slightly resistant to hostile enchantments, stealthy
A: fangs 3, see invisible, cold resistance 1, unbreathing
a: no special abilities


You were on level 2 of the Dungeon.
You were very full.

You visited 1 branch of the dungeon, and saw 2 of its levels.

You collected 62 gold pieces.

Inventory:

Hand weapons
 a - a +1,+1 dagger (weapon)
Missiles
 d - 11 darts (quivered)
Armour
 b - a +1 robe (worn)
Scrolls
 e - 2 scrolls of remove curse {unknown}
 h - a scroll of amnesia {unknown}
 i - a scroll of enchant weapon II {unknown}
 j - a scroll of fear {unknown}
Books
 c - a book of Maledictions

   Spells                             Type                      Level
   *Corona                            Hexes                        1
   Sure Blade                         Hexes/Charms                 2
   Ensorcelled Hibernation            Hexes/Ice                    2
   *Confuse                           Hexes                        3
   Enslavement                        Hexes                        4
   Invisibility                       Hexes                        6


   Skills:
 + Level 3.0 Short Blades
 - Level 0.7 Throwing
 - Level 2.1 Dodging
 + Level 3.4 Stealth
 - Level 2.0 Spellcasting
 * Level 4.5 Hexes


You had 2 spell levels left.
You knew the following spells:

 Your Spells              Type           Power        Failure   Level  Hunger
a - Corona                Hex            ###....      2%          1    #......
c - Confuse               Hex            ###.....     10%         3    ####...


Dungeon Overview and Level Annotations

Branches:
Dungeon (2/16)

Altars:

Annotations:
D:2 Sigmund


Innate Abilities, Weirdness & Mutations

Your natural rate of healing is unusually fast.
You have razor-sharp teeth.*
You have supernaturally acute eyesight.
You can survive without breathing.*
Your flesh is cold resistant.*+


Message History

* * * LOW HITPOINT WARNING * * *
The ball python constricts you.
Sigmund gestures wildly while chanting.
Sigmund flickers and vanishes for a moment.
The ball python barely misses you. The ball python constricts you.
Casting: Confuse
Confirm with . or Enter, or press ? or * to list all spells.
Aiming: Confuse
Press: ? - help, Shift-Dir - straight line, f - Sigmund
Aim: Sigmund, wielding a glowing scythe and wearing a robe (severely wounded, slightly transparent) Sigmund appears confused.
The ball python bites you.
* * * LOW HITPOINT WARNING * * *
The ball python constricts you.
You hit the ball python.
The ball python is severely wounded.
The ball python barely misses you. The ball python constricts you.
You hit the ball python.
You kill the ball python!
Sigmund hits you with a glowing scythe!
You die...

.<.....#
........#
.........+
..........#
#..........#
#..........#
#..........#
#%........<#
#######@####
#@# #.# #.#
#.# #.# #.#
#.# #.#


You could see Sigmund (confused).

Vanquished Creatures
  An ooze (D:1)
  A ball python (D:2)
  4 bats (D:1)
  3 giant cockroaches (D:1)
  3 goblins (D:1)
  5 hobgoblins (D:1)
  3 giant newts (D:1)
  5 kobolds (D:1)
  2 rats (D:1)
27 creatures vanquished.

Notes
Turn   | Place    | Note
--------------------------------------------------------------
     0 | D:1      | PolkaDot, the Vampire Enchanter, began the quest for the Orb.
     0 | D:1      | Reached XP level 1. HP: 13/13 MP: 3/3
   147 | D:1      | Reached XP level 2. HP: 19/19 MP: 4/4
   476 | D:1      | Reached XP level 3. HP: 24/24 MP: 6/6
   481 | D:1      | Learned a level 3 spell: Confuse
   686 | D:2      | Noticed Sigmund
   690 | D:2      | Paralysed by a potion of paralysis for 4 turns
   694 | D:2      | Gained mutation: Your flesh is cold resistant. [potion of beneficial mutation]
   699 | D:2      | Slain by Sigmund

Action                   || total
-------------------------++-------
Melee: Dagger            ||    87
Throw: Dart              ||     5
 Cast: Corona            ||     3
       Confuse           ||     2
  Use: Potion            ||     3
       Scroll            ||     1
 Stab: Sleeping          ||     6
       Confused          ||     1
